 Dungeon Crawl Stone Soup version 0.31.0-7-gf635a9b802 (webtiles) character file.

Game seed: 17776692912198178594

28 Esekla the Slasher (level 3, 0/21 HPs)
             Began as a Tengu Warper on Jan 23, 2024.
             Slain by a goblin
             ... wielding a +0 dagger
              (2 damage)
             ... on level 2 of the Dungeon.
             The game lasted 00:02:04 (225 turns).

Esekla the Slasher (Tengu Warper)                    Turns: 225, Time: 00:02:04

Health: 0/21       AC:  3    Str: 11    XL:     3   Next: 12%
Magic:  7/7        EV: 12    Int: 15    God:
Gold:   9          SH:  0    Dex: 13    Spells: 6/6 levels left

rFire   . . .        a - +0 falchion
rCold   . . .        (no shield)
rNeg    . . .        b - +0 leather armour
rPois   .            (helmet restricted)
rElec   .            (no cloak)
rCorr   .            (no gloves)
SInv    .            (boots unavailable)
Will    .....        (no amulet)
Stlth   +            (no ring)
HPRegen 0.23/turn    (no ring)
MPRegen 0.10/turn

%: acrobat
@: mighty
A: beak, talons 3, acrobatic
a: no special abilities


You were on level 2 of the Dungeon.
You visited 1 branch of the dungeon, and saw 2 of its levels.

You collected 9 gold pieces.

Inventory:

Hand Weapons
 a - a +0 falchion (weapon)
Missiles
 h - 2 poisoned darts (quivered)
Armour
 b - a +0 leather armour (worn)
Jewellery
 e - a ring of protection from fire
Scrolls
 c - a scroll of blinking
 g - a scroll of enchant armour {unknown}


   Skills:
 + Level 2.1 Fighting
 * Level 3.0 Long Blades
 + Level 1.0 Throwing
 + Level 1.2 Armour
 + Level 2.4 Dodging
 * Level 2.3 Spellcasting
 + Level 2.4 Translocations


You had 6 spell levels left.
You didn't know any spells.
Your spell library contained the following spells:

 Spells                   Type           Power      Damage    Failure   Level
 Blink                    Tloc           18%        N/A       16%         2
 Lesser Beckoning         Tloc           18%        N/A       16%         2
 Teleport Other           Tloc           9%         N/A       30%         3
 Manifold Assault         Tloc           9%         N/A       71%         4
 Vhi's Electric Charge    Tloc/Air       10%        N/A       86%         4


Dungeon Overview and Level Annotations

Branches:
Dungeon (2/15)

Altars:


Innate Abilities, Weirdness & Mutations

You have a beak for a mouth.
You have claws for feet.
You can magically evade attacks while moving or waiting.


Message History

The slug dart hits you.
You slash the dart slug!
You kill the dart slug!
The adder attacks as it pursues you! The adder bites you.
You hit the adder.
The adder is lightly wounded.
The adder bites you. The adder barely misses you.
You miss the adder.
The adder is lightly wounded.
The adder bites you.
You are poisoned.
The adder poisons you!
You barely miss the adder. Your kick misses the adder.
The adder is lightly wounded.
You feel sick. The adder closely misses you. The adder barely misses you.
You hit the adder. Your kick misses the adder.
The adder is moderately wounded.
You feel sick. The adder bites you.
* * * LOW HITPOINT WARNING * * *
You barely miss the adder.
The adder is moderately wounded.
You feel sick.
You are no longer poisoned.
The adder barely misses you. The adder bites you.
* * * LOW HITPOINT WARNING * * *
It was a potion of might.
You feel very mighty all of a sudden. The adder barely misses you.
You slash the adder!
You kill the adder!
Your Long Blades skill increases to level 3!
You have reached level 3!
Your experience leads to an increase in your attributes!
Increase (S)trength, (I)ntelligence, or (D)exterity?
You feel clever. x2
You completely miss the goblin. Your peck misses the goblin.
The goblin hits you but does no damage. x2
You barely miss the goblin. Your kick misses the goblin.
The goblin hits you with a +0 dagger.
You die...

....... #.# ....... #.#
....... #.## .......
#..### .# #...###(...# #.#
#... #.....#.#..##..#.....
#..............#....
.........###g###..#..#
######..#...#@..##..#
#...#...#...#...# #.
####..###..#...#..# #.
.....#...#..###..# #.
.#...# ..#...#...#
##.#.#.. ...##..#...#
......###.###..#..###.###.
###............#..........
......# .###..#..###.###.


You could see a goblin.

Vanquished Creatures
  An adder (D:2)
  A dart slug (D:2)
  2 endoplasms (D:2)
  A giant cockroach (D:2)
  2 goblins
  A hobgoblin (D:2)
  4 jackals (D:2)
  A ball python (D:2)
  A kobold (D:2)
14 creatures vanquished.

Notes
Turn   | Place    | Note
-------+----------+-------------------------------------------
     0 | D:1      | Esekla the Tengu Warper began the quest for the Orb.
     0 | D:1      | Reached XP level 1. HP: 12/12 MP: 4/4
    74 | D:2      | Reached XP level 2. HP: 13/17 MP: 6/6
   224 | D:2      | Reached skill level 3 in Long Blades
   224 | D:2      | Reached XP level 3. HP: 2/21 MP: 7/7
   225 | D:2      | Slain by a goblin

Illustrated notes

Levels and vault maps discovered:
D:1:      minmay_arrival_doors, layout_basic
D:2:      layout_basic, nicolae_titane

Skill      XL: |  1  2 |
---------------+-------+-----
Long Blades    | 3 |  3.0
Fighting       | |  2.1
Throwing       | |  1.0
Armour         | |  1.2
Dodging        | |  2.4
Spellcasting   | |  2.3
Translocations | |  2.4

Action                     || total
---------------------------++-------
  Melee: Falchion          ||    38
         Kick              ||     7
         Peck              ||     2
    Use: Potion            ||     1
 Armour: Leather armour    ||    22
  Dodge: Dodged            ||    31
